 Dungeon Crawl Stone Soup version 0.30-a0-723-gc1506a1cf0 (webtiles) character file.

Game seed: 12622026248360631646

2159 Darius099 the Grappler (level 9, -1/84 HPs)
             Began as a Troll Monk on Jan 28, 2023.
             Slain by an orc warrior
             ... wielding a +0 war axe
              (15 damage)
             ... in a bailey.
             The game lasted 00:08:52 (4832 turns).

Darius099 the Grappler (Troll Monk)                 Turns: 4832, Time: 00:08:52

Health: -1/84      AC:  6    Str: 21    XL:     9   Next: 10%
Magic:  8/8        EV: 11    Int:  8    God:
Gold:   202        SH:  0    Dex: 16    Spells: 8/8 levels left

rFire   . . .      SeeInvis .      - Unarmed
rCold   . . .      Faith    .    (no shield)
rNeg    . . .      Spirit   .    n - +2 robe "Veich" {Int+2 Stlth+}
rPois   .          Reflect  .    (helmet restricted)
rElec   .          Harm     .    (no cloak)
rCorr   +          Rampage  .    (gloves unavailable)
Will    .....                    (boots unavailable)
Stlth   +++                      (no amulet)
HPRegen 1.14/turn                h - ring of resist corrosion
MPRegen 0.11/turn                (no ring)

@: studying Poison Magic
A: large, unfitting armour, claws 3, regeneration 1, shaggy fur 1, tough skin 1
a: no special abilities


You were in a bailey.
You visited 2 branches of the dungeon, and saw 8 of its levels.
You also visited: Sewer and Bailey.

You collected 202 gold pieces.

Inventory:

Missiles
 t - a throwing net (quivered)
Armour
 n - the +2 robe "Veich" (worn) {Int+2 Stlth+}
   (You took it off a hobgoblin on level 3 of the Dungeon)

   Int:       It affects your intelligence (+2).
   Stlth:     It makes you more stealthy.
Jewellery
 h - a ring of resist corrosion (left claw)
Wands
 p - a wand of mindburst (29)
 r - a wand of light (2)
Scrolls
 a - a scroll of immolation {unknown}
 c - 4 scrolls of identify {unknown}
 m - a scroll of magic mapping {unknown}
 o - a scroll of brand weapon {unknown}
 q - a scroll of teleportation {unknown}
 s - a scroll of enchant weapon {unknown}
 u - a scroll of vulnerability {unknown}
 v - a scroll of amnesia {unknown}
 w - a scroll of blinking {unknown}
 x - a scroll of fog {unknown}
Potions
 b - 4 potions of ambrosia
 d - 2 potions of might {unknown}
 e - 4 potions of flight
 f - 2 potions of lignification {unknown}
 g - a potion of heal wounds {unknown}
 i - 2 potions of haste {unknown}
 j - 4 potions of curing
 k - 2 potions of cancellation {unknown}
 l - a potion of invisibility {unknown}
 z - a potion of berserk rage {unknown}


   Skills:
 + Level 4.1 Fighting
 + Level 4.1 Dodging
 - Level 1.0 Stealth
 - Level 11.0 Unarmed Combat


You had 8 spell levels left.
You didn't know any spells.
Your spell library contained the following spells:

 Spells                   Type           Power      Damage    Failure   Level
 Necrotise                Necr           0%         1d4       41%         1
 Dazzling Flash           Conj/Hex       0%         N/A       78%         3
 Vampiric Draining        Necr           0%         2d6       78%         3
 Agony                    Necr           0%         N/A       100%        5
 Silence                  Hex/Air        0%         N/A       100%        5
 Summon Forest            Summ/Tloc      0%         N/A       100%        5
 Summon Mana Viper        Hex/Summ       0%         N/A       100%        5
 Summon Cactus Giant      Summ           0%         N/A       100%        6


Dungeon Overview and Level Annotations

Branches:
Dungeon (7/15)             Temple (1/1) D:4           Sewer (visited)
 Bailey (1/1)

Altars:
Ashenzari
Cheibriados
Dithmenos
Elyvilon
Fedhas
Gozag
Hepliaklqana
Kikubaaqudgha
Makhleb
Nemelex Xobeh
Okawaru
Qazlal
Ru
Sif Muna
Trog
Uskayaw
Vehumet
Xom
Yredelemnul
Zin
The Shining One

Shops:
D:2 (=(   D:3 !   D:4 :


Innate Abilities, Weirdness & Mutations

You are too large for most types of armour.
You have claws for hands.
Your natural rate of healing is unusually fast.
You are covered in fur. (AC +1)
You have tough skin. (AC +1)


Message History

The orc warrior hits you with a +0 war axe!
The orc warrior shouts!
You mangle the orc warrior!!
You kill the orc warrior!
A kobold comes into view.
The kobold shouts!
You scratch the orc warrior but do no damage.
The orc warrior hits you with a +0 war axe!
You claw the orc warrior! Your claw misses the orc warrior.
The orc warrior is moderately wounded.
The orc warrior hits you with a +0 war axe!
You barely miss the orc warrior.
The orc warrior is moderately wounded.
The orc warrior misses you.
You barely miss the orc warrior.
The orc warrior is moderately wounded.
The orc warrior hits you with a +0 war axe.
The orc warrior attacks as you move away!
The orc warrior barely misses you.
There is an open door here.
The orc warrior attacks as you move away!
The orc warrior hits you with a +0 war axe!
You scratch the orc warrior but do no damage.
You scratch the orc warrior.
The orc warrior is lightly wounded.
The orc warrior hits you with a +0 war axe!
* * * LOW HITPOINT WARNING * * *
You scratch the orc warrior but do no damage.
The orc warrior is lightly wounded.
The orc warrior hits you with a +0 war axe!
* * * LOW HITPOINT WARNING * * *
You barely miss the orc warrior.
The orc warrior is lightly wounded.
The orc warrior hits you with a +0 war axe.
* * * LOW HITPOINT WARNING * * *
The orc warrior barely misses you.
You closely miss the orc warrior.
The orc warrior is lightly wounded.
The orc warrior hits you with a +0 war axe!
You die...

#.....(............(...
##......####...####(...
♣##....##~~#####g~##...
♣.##..(#~[!8o..8?=~#...
♣♣..###'#~.........~#
##
♣...~~(.#~..8...8..~#
♣...~~~.##.........##
♣∩...~~~.#~....∩....~
♣♣...~~~@# ♣...~~oo#
♣♣..###K## ♣.##..o.#
♣##.....# #....).#
#...8..... #$..........
#!............


You could see 3 orc warriors and a kobold.

Vanquished Creatures
  Menkaure (D:6)
  A steam dragon (D:6)
  2 water moccasins
  A sky beast (D:6)
  2 black bears (D:5)
  2 orc warriors
  An ice beast (D:5)
  A phantom (D:5)
  A kobold brigand (Sewer)
  A necrophage (D:6)
  A bullfrog (D:7)
  A gnoll sergeant (D:5)
  A scorpion (D:6)
  5 hounds
  A jelly (D:5)
  Ijyb (D:3)
  5 iguanas
  4 orc wizards
  Robin (D:3)
  10 gnolls
  9 adders
  A river rat (Sewer)
  A shadow imp (D:6)
  A white imp (D:6)
  2 worms
  2 dart slugs
  16 orcs
  4 bats
  7 endoplasms
  4 giant cockroaches
  12 goblins
  7 hobgoblins
  2 jackals
  8 quokkas
  4 ball pythons
  3 frilled lizards
  15 kobolds
  6 rats
147 creatures vanquished.

Notes
Turn   | Place    | Note
-------+----------+-------------------------------------------
     0 | D:1      | Darius099 the Troll Monk began the quest for the Orb.
     0 | D:1      | Reached XP level 1. HP: 22/22 MP: 0/0
   127 | D:1      | Reached XP level 2. HP: 29/29 MP: 1/1
   863 | D:2      | Reached skill level 4 in Unarmed Combat
   896 | D:2      | Reached XP level 3. HP: 35/36 MP: 2/2
   899 | D:2      | Found Zeakhug's Weapon Emporium.
  1011 | D:2      | Found Reud's Weapon Boutique.
  1029 | D:2      | Found Ypuofoik's Jewellery Shop.
  1029 | D:2      | You fall into a shaft and drop 2 floors!
  1042 | D:4      | Reached skill level 5 in Unarmed Combat
  1042 | D:4      | Reached XP level 4. HP: 44/44 MP: 3/3
  1162 | D:4      | Reached XP level 5. HP: 46/50 MP: 4/4
  1193 | D:4      | Reached skill level 6 in Unarmed Combat
  1219 | D:4      | Found a staircase to the Ecumenical Temple.
  1226 | Temple   | Entered the Ecumenical Temple
  1502 | D:4      | Found a glowing drain.
  1509 | Sewer    | Entered a sewer
  1612 | Sewer    | Found a white marble altar of Elyvilon.
  1751 | D:4      | Found Doiteergh's Book Shop.
  1778 | D:4      | Reached XP level 6. HP: 56/59 MP: 5/5
  2085 | D:3      | Reached skill level 7 in Unarmed Combat
  2085 | D:3      | Noticed Robin
  2097 | D:3      | Killed Robin
  2112 | D:3      | Noticed Ijyb
  2115 | D:3      | Identified the +2 robe "Veich" {Int+2 Stlth+}
  2128 | D:3      | Killed Ijyb
  2287 | D:3      | Found Awkaucwoli's Distillery.
  2979 | D:5      | Entered Level 5 of the Dungeon
  3050 | D:5      | Reached skill level 8 in Unarmed Combat
  3101 | D:5      | Reached XP level 7. HP: 59/66 MP: 6/6
  3171 | D:5      | Reached skill level 9 in Unarmed Combat
  3465 | D:5      | Reached XP level 8. HP: 72/74 MP: 7/7
  3481 | D:5      | Reached skill level 10 in Unarmed Combat
  3926 | D:6      | Found a glowing silver altar of Zin.
  3928 | D:6      | Found a hide-covered altar of Uskayaw.
  4213 | D:6      | Reached skill level 11 in Unarmed Combat
  4374 | D:6      | Noticed Menkaure
  4376 | D:6      | Found a blossoming altar of Fedhas.
  4379 | D:6      | Killed Menkaure
  4644 | D:6      | Reached XP level 9. HP: 84/84 MP: 8/8
  4714 | D:7      | Found a flagged portal.
  4754 | Bailey   | Entered a bailey
  4759 | Bailey   | Noticed an orc warlord
  4832 | Bailey   | Slain by an orc warrior

Illustrated notes

Levels and vault maps discovered:
D:1:      dpeg_arrival_round_a, layout_basic, hangedman_decor_lopped
D:2:      layout_loops_ring, serial_shops, nicolae_shop_waterfront,
          nicolae_square_shop, nicolae_lakefront_shop, serial_rivers,
          chequers_serial_rivers_micro_b, chequers_serial_rivers_micro_a,
          chequers_serial_rivers_micro_e, chequers_serial_rivers_small_b
D:3:      layout_rooms, serial_shops, shop, glass_columns_a, nicolae_goblin_pals
D:4:      layout_cave_pools, minmay_temple_entry_ruins, serial_shops, shop,
          gup_sewer_entry_pipe, minmay_stone_trees_small, columned_hall_lemuel,
          minmay_manual_mess
D:5:      layout_basic
D:6:      layout_loops_corners, lemuel_crystal_altar, lemuel_crystal_altar,
          fedhas_altar_fruit_tree, uniq_menkaure
D:7:      layout_basic, lemuel_crystal_altar, enter_bailey_5
Temple:   mainiacjoe_temple_bowtie_tessellation
Bailey:   bailey_axe_bossmonster_kennysheep, bailey

Skill      XL: |  1  2  3  4  5  6  7  8  9 |
---------------+----------------------------+-----
Unarmed Combat | 4 5 6 8 9 11 | 11.0
Fighting       | 3 4 |  4.1
Dodging        | 3 4 |  4.1
Stealth        | |  1.0

Action                     |  1- 3 |  4- 6 |  7- 9 || total
---------------------------+-------+-------+-------++-------
  Melee: Unarmed           |    62 |   161 |   143 ||   366
         Punch             |     1 |     4 |     9 ||    14
   Stab: Sleeping          |     2 |     7 |     4 ||    13
         Distracted        |       |     1 |       ||     1
 Armour: Robe              |    22 |    64 |    50 ||   136
  Dodge: Dodged            |    33 |    81 |    66 ||   180

Table legend: (Time is in decaauts)
 A = Elapsed time spent in this place.
 B = Non-inter-level travel time spent in this place.
 C = Inter-level travel time spent in this place.
 D = Time resting spent in this place.
 E = Time spent auto-exploring this place.
 F = Levels seen in this place.
 G = Mean time per level.
                   A        B        C        D        E       F      G
               +--------+--------+--------+--------+--------+-----+--------+
         Total |   4780 |   4642 |    138 |     74 |   3486 |  10 |  478.0 |
       Dungeon |   4270 |   4162 |    108 |     74 |   3189 |   7 |  610.0 |
        Temple |    245 |    215 |     30 |      0 |    200 |   1 |  245.0 |
         Sewer |    192 |    192 |      0 |      0 |     97 |   1 |  192.0 |
        Bailey |     71 |     71 |      0 |      0 |      0 |   1 |   71.0 |
               +--------+--------+--------+--------+--------+-----+--------+

Top non-repeatable levels by time:
     D:5: 857 daAuts
     D:6: 850 daAuts
     D:1: 812 daAuts
     D:2: 719 daAuts
     D:4: 563 daAuts
     D:3: 424 daAuts
  Temple: 245 daAuts
   Sewer: 192 daAuts
  Bailey: 71 daAuts
     D:7: 44 daAuts
